 Dungeon Crawl Stone Soup version 0.31.0-12-g77e489cdc1 (webtiles) character file.

Game seed: 17195096582200833932

2717 Swimmer the Blocker (level 9, -11/120 (123) HPs)
             Began as a Minotaur Fighter on Feb 14, 2024.
             Was a Believer of Qazlal.
             Mangled by a +3 long sword of chaos (12 damage)
             ... on level 7 of the Dungeon.
             The game lasted 00:15:17 (5209 turns).

Swimmer the Blocker (Minotaur Fighter)              Turns: 5209, Time: 00:15:18

HP:   -11/120 (123) AC: 20    Str: 30    XL:     9   Next: 39%
MP:   0/8           EV:  2    Int:  5    God:    Qazlal [**....]
Gold: 311           SH:  0    Dex: 11    Spells: 8/8 levels left

rFire   . . .        E - +1 war axe (elec)
rCold   . . .        c - +0 buckler
rNeg    . . .        r - melded +0 chain mail
rPois   +            (helmet currently unavailable)
rElec   .            (cloak currently unavailable)
rCorr   .            o - melded +0 pair of gloves
SInv    .            (boots currently unavailable)
Will    .....        w - amulet of guardian spirit
Stlth   +            p - +5 ring of evasion
HPRegen 0.40/turn    u - +6 ring of strength
MPRegen 0.11/turn

%: guardian spirit
@: confused, lethally poisoned (-11 -> -15), tree-form, corroded, studying
Spellcasting, lightly drained, invisible
A: stationary, stasis, torment immunity, boosted hp, (horns 2), (retaliatory
headbutt), (hooves 1), (fire resistance 1)
a: Renounce Religion, Upheaval


You were on level 7 of the Dungeon.
You worshipped Qazlal.
Qazlal was pleased with you.
You were a tree.
You visited 1 branch of the dungeon, and saw 7 of its levels.

You collected 311 gold pieces.

Inventory:

Hand Weapons
 E - a +1 war axe of electrocution (weapon)
Missiles
 f - 15 poisoned darts (quivered)
 q - 3 throwing nets
Armour
 c - a +0 buckler (worn)
 o - a +0 pair of gloves (melded)
 r - a +0 chain mail (melded)
 v - a +0 pair of boots
Jewellery
 m - a +4 ring of protection
 p - a +5 ring of evasion (left branch)
 t - an amulet of magic regeneration
 u - a +6 ring of strength (right branch)
 w - an amulet of guardian spirit (around neck)
 y - a ring of magical power
 B - a ring of resist corrosion
Wands
 d - a wand of acid (4)
 z - a wand of digging (2)
 D - a wand of flame (19)
Scrolls
 g - 2 scrolls of poison
 h - 2 scrolls of enchant armour
 k - 3 scrolls of vulnerability
 n - a scroll of teleportation
 s - a scroll of revelation
Potions
 e - a potion of enlightenment
 i - 4 potions of haste
 j - 3 potions of magic
 C - 2 potions of attraction


   Skills:
 + Level 8.5 Fighting
 + Level 8.2 Axes
 + Level 8.5 Armour
 + Level 8.6 Shields


You had 8 spell levels left.
You didn't know any spells.
Your spell library contained the following spells:

 Spells                   Type           Power      Damage    Failure   Level
 Apportation              Tloc           0%         N/A       52%         1
 Call Imp                 Summ           0%         N/A       65%         2
 Jinxbite                 Hex            0%         N/A       65%         2
 Sublimation of Blood     Necr           0%         N/A       65%         2
 Alistair's Intoxication  Alch           0%         N/A       100%        5
 Summon Hydra             Summ           0%         N/A       100%        7


Dungeon Overview and Level Annotations

Branches:
Dungeon (7/15)             Temple (0/1) D:4

Altars:
Dithmenos
Fedhas
Hepliaklqana
Nemelex Xobeh
Okawaru
Qazlal
Sif Muna
Wu Jian
Xom

Shops:
D:5 ==:

Annotations:
D:5 3 runed translucent doors, lonewolfV2's ghost, novice FoFi
D:7 bronco's ghost, novice GrEE


Innate Abilities, Weirdness & Mutations

You are a tree.
Your roots penetrate the ground, keeping you stationary.
You cannot be teleported.
You are immune to unholy pain and torment.
Your maximum health is greatly increased.
Your equipment is partially melded.
((You have a pair of horns on your head.))
((You reflexively headbutt those who attack you in melee.))
((You have large cloven feet.))
((Your flesh is heat resistant. (rF+)))


Message History

You slash bronco's ghost! You hit the +3 long sword of chaos.
You feel sick.
The +3 long sword of chaos is engulfed in blazing flames.
The +3 long sword of chaos hits you!
You are electrocuted!
The +3 long sword of chaos hits you.
* * * LOW HITPOINT WARNING * * *
You are more poisoned.
Bronco's ghost is engulfed in a cloud of scalding steam.
You block bronco's ghost's attack.
You feel very sick.
Bronco's ghost is engulfed in a cloud of scalding steam.
The +3 long sword of chaos hits you!
* * * LOW HITPOINT WARNING * * *
The acid corrodes you!
You fade into invisibility!
You feel very sick. The +3 long sword of chaos hits you!
* * * LOW HITPOINT WARNING * * *
You feel drained.
* * * LOW HITPOINT WARNING * * *
Bronco's ghost hits you.
* * * LOW HITPOINT WARNING * * *
You are lethally poisoned!
You feel better.
The +3 long sword of chaos barely misses you.
You furiously retaliate!
You headbutt the +3 long sword of chaos!
The +3 long sword of chaos hits you!
* * * LOW HITPOINT WARNING * * *
You are confused.
Bronco's ghost hits you.
* * * LOW HITPOINT WARNING * * *
You are lethally poisoned!
Okay, then.
You turn into a tree.
Your +0 pair of gloves melds into your body.
Your +0 chain mail melds into your body.
Your roots penetrate the ground.
* * * LOW HITPOINT WARNING * * *
You feel sick. The +3 long sword of chaos hits you!
You die...

##### #...#
######..###
#.....W.#.##
#>...♣(.'_.#
#.####..#%##
#.# #..###
#.# ####
#########
#.#######
#........#
#.......#
#........#
#.......#
#........#
#.......#
#...[....#
#.......#
#........#


You could see a +3 long sword of chaos (unable to see you) and bronco's ghost
(unable to see you).

Vanquished Creatures
  The ghost of Silvore the Slasher, a novice DsFi of Okawaru (D:6)
  Prince Ribbit (D:6)
  2 steam dragons
  An orc warrior (D:7)
  A black bear (D:5)
  2 ogres
  A centaur (D:6)
  3 phantoms
  A bullfrog (D:6)
  Blork the orc (D:6)
  2 gnoll sergeants (D:6)
  2 scorpions (D:5)
  2 bombardier beetles
  2 hounds
  3 orc priests
  A gnoll bouda (D:6)
  3 sleepcaps
  Jessica (D:2)
  An iguana (D:6)
  6 orc wizards
  10 gnolls
  11 adders
  A white imp (D:5)
  2 ufetubi (D:6)
  2 dart slugs
  A ribbon worm (D:4)
  24 orcs
  11 bats
  2 endoplasms (D:3)
  4 giant cockroaches
  4 goblins
  4 hobgoblins
  5 jackals
  2 quokkas
  3 ball pythons
  7 kobolds
  7 rats
137 creatures vanquished.

Notes
Turn   | Place    | Note
-------+----------+-------------------------------------------
     0 | D:1      | Swimmer the Minotaur Fighter began the quest for the Orb.
     0 | D:1      | Reached XP level 1. HP: 19/19 MP: 0/0
   200 | D:1      | Reached XP level 2. HP: 27/27 MP: 1/1
   886 | D:2      | Found a stormy altar of Qazlal.
   984 | D:2      | Reached XP level 3. HP: 32/33 MP: 2/2
  1075 | D:2      | Noticed Jessica
  1079 | D:2      | Killed Jessica
  1080 | D:2      | Reached XP level 4. HP: 40/40 MP: 3/3
  1455 | D:2      | Became a worshipper of Qazlal Stormbringer
  1588 | D:3      | Reached XP level 5. HP: 21/47 MP: 4/4
  1750 | D:3      | Found a blossoming altar of Fedhas.
  1760 | D:3      | Found an ornate altar of the Wu Jian Council.
  1923 | D:3      | Found a faded altar of an unknown god.
  2137 | D:4      | Noticed a phantom
  2144 | D:4      | Reached skill level 5 in Armour
  2144 | D:4      | Reached skill level 5 in Shields
  2146 | D:4      | Killed a phantom
  2147 | D:4      | Reached skill level 5 in Fighting
  2147 | D:4      | Reached XP level 6. HP: 52/56 MP: 5/5
  2203 | D:4      | Reached * piety under Qazlal
  2249 | D:4      | Found a staircase to the Ecumenical Temple.
  2440 | D:4      | Found a hazy altar of Hepliaklqana.
  3105 | D:4      | Gained mutation: You have large cloven feet. [potion of
                  | mutation]
  3105 | D:4      | Gained mutation: Your flesh is heat resistant. (rF+)
                  | [potion of mutation]
  3296 | D:5      | Entered Level 5 of the Dungeon
  3340 | D:5      | Found a shimmering blue altar of Sif Muna.
  3425 | D:5      | Found Letz's Book Boutique.
  3432 | D:5      | Reached skill level 5 in Axes
  3432 | D:5      | Reached XP level 7. HP: 62/62 MP: 6/6
  3459 | D:5      | Found a runed translucent gate.
  3459 | D:5      | Found a runed translucent gate.
  3459 | D:5      | Found a runed translucent gate.
  3459 | D:5      | Noticed lonewolfV2's ghost (novice FoFi)
  3479 | D:5      | Found a sparkling altar of Nemelex Xobeh.
  3539 | D:5      | Found Otut's Jewellery Shoppe.
  3539 | D:5      | Found an iron altar of Okawaru.
  3895 | D:5      | Found Zeosokh's Jewellery Boutique.
  3999 | D:5      | Found a stormy altar of Qazlal.
  4184 | D:6      | Identified the +4 scale mail of Sih Rof {Harm MP+9 Slay-6}
  4184 | D:6      | Noticed Blork the orc
  4184 | D:6      | Noticed Prince Ribbit
  4188 | D:6      | Killed Blork the orc
  4189 | D:6      | Reached XP level 8. HP: 70/71 MP: 7/7
  4197 | D:6      | Killed Prince Ribbit
  4475 | D:6      | Reached ** piety under Qazlal
  4479 | D:6      | Found a shadowy altar of Dithmenos.
  4523 | D:6      | Found a transporter.
  4541 | D:6      | Noticed Silvore's ghost (novice DsFi)
  4566 | D:6      | Found a transporter.
  4617 | D:6      | Killed Silvore's ghost
  4618 | D:6      | Reached XP level 9. HP: 81/81 MP: 4/8
  5193 | D:7      | Found a runed translucent door.
  5195 | D:7      | Found a shimmering altar of Xom.
  5195 | D:7      | Noticed bronco's ghost (novice GrEE)
  5195 | D:7      | Noticed a +3 long sword of chaos
  5208 | D:7      | HP: 2/80 [bronco's ghost (3)]
  5209 | D:7      | Mangled by a +3 long sword of chaos

Illustrated notes

Levels and vault maps discovered:
D:1:      scummos_arrival_simple_crosswalls, layout_basic, chequers_arboretum
D:2:      layout_rooms, basic_altar, serial_bayou_lake_a, uniq_jessica
D:3:      layout_rooms, nzn_wu_jian_council_hall, mainiacjoe_overflow_catwalk,
          shapermc_ecumenical_altar_mp_ritualfount, grunt_ministairs_14
D:4:      layout_basic, nicolae_overflow_hidden_temple,
          minmay_temple_entry_glass
D:5:      layout_rooms, lemuel_tele_altar, kennysheep_orc_sif_temple,
          mainiacjoe_overflow_paths, general_overflow_altar,
          ebering_ghost_rock_garden, serial_shops, shop,
          nicolae_shop_gaudy_bauble, nicolae_shop_window_shopping
D:6:      layout_rooms, nicolae_dithmenos_through_a_glass_darkly,
          gammafunk_ghost_gnarly_gnolls, uniq_blork_the_orc, uniq_prince_ribbit1
D:7:      layout_basic, ebering_ghost_xom

Skill      XL: |  1  2  3  4  5  6  7  8  9 |
---------------+----------------------------+-----
Armour         | 4 5 6 8 |  8.5
Fighting       | 4 5 6 8 |  8.5
Shields        | 4 5 6 8 |  8.6
Axes           | 3 4 5 6 7 8 |  8.2

Action                     |  1- 3 |  4- 6 |  7- 9 || total
---------------------------+-------+-------+-------++-------
  Melee: War axe           |    49 |   107 |   102 ||   258
         Headbutt          |     6 |    15 |    17 ||    38
         Kick              |       |     7 |    28 ||    35
  Throw: Dart              |    14 |     4 |     3 ||    21
  Evoke: Wand              |       |     1 |     2 ||     3
    Use: Scroll            |     7 |     7 |     6 ||    20
         Potion            |       |     1 |     8 ||     9
 Armour: Scale mail        |    54 |    70 |    76 ||   200
         Chain mail        |       |       |    12 ||    12
         Skin              |       |       |     1 ||     1
  Dodge: Dodged            |    37 |    64 |   107 ||   208
  Block: Buckler           |    14 |    23 |    58 ||    95
